 Dungeon Crawl Stone Soup version 0.18.1-8-gdd0e5ea (webtiles) character file.

420 Flavorfulsole the Skirmisher (level 6, 0/57 HPs)
             Began as a Minotaur Chaos Knight on May 28, 2016.
             Succumbed to a worker ant's poison
             ... on level 4 of the Dungeon.
             The game lasted 00:11:56 (2770 turns).

Flavorfulsole the Skirmisher (MiCK)                 Turns: 2770, Time: 00:11:57

Health: 0/57       AC: 10    Str: 19    XL:     6   Next: 62%
Magic:  5/5        EV: 10    Int:  9    God:    Xom [.*....]
Gold:   185        SH:  0    Dex:  9    Spells: 0 memorised, 5 levels left

rFire  . . .     SeeInvis .     a - +1 hand axe (chaos)
rCold  . . .     Gourm    .     j - +0 scale mail {rPois}
rNeg   . . .     Faith    .     (no shield)
rPois  +         Spirit   .     (helmet restricted)
rElec  .         Dismiss  .     h - +0 cloak
rCorr  .         Reflect  .     g - +1 pair of gloves
SustAt .         Harm     .     (no boots)
MR     .....                    (no amulet)
Stlth  ..........               (no ring)
                                (no ring)

@: lethally poisoned (0 -> 0), very slightly contaminated, not resistant to
hostile enchantments, extremely unstealthy
A: retaliatory headbutt, horns 2
a: Renounce Religion


You were on level 4 of the Dungeon.
You worshipped Xom.
You were a plaything of Xom.
You were not hungry.

You visited 1 branch of the dungeon, and saw 4 of its levels.

You collected 185 gold pieces.

Inventory:

Hand Weapons
 a - a +1 hand axe of chaos (weapon)
 d - a +2 quarterstaff of chaos
Missiles
 b - 28 sling bullets (quivered)
Armour
 g - a +1 pair of gloves (worn)
 h - a +0 cloak (worn)
 j - a +0 scale mail of poison resistance (worn)
Scrolls
 f - 5 scrolls of identify
 i - 2 scrolls of remove curse


   Skills:
 + Level 5.7 Fighting
 + Level 5.5 Axes
 + Level 4.5 Armour
 + Level 2.9 Dodging
 + Level 1.4 Stealth


You had 5 spell levels left.
You didn't know any spells.

Dungeon Overview and Level Annotations

Branches:
Dungeon (4/15)
 Temple: D:4-7

Altars:


Innate Abilities, Weirdness & Mutations

You reflexively headbutt those who attack you in melee.
You have a pair of horns on your head.


Message History

You hit the worker ant but do no damage.
The worker ant looks even sicker.
The worker ant is almost dead.
* * * LOW HITPOINT WARNING * * *
You feel sick.
You kill the worker ant!
There is a lethal amount of poison in your body!
There is a lethal amount of poison in your body!
None of your equipped items are cursed.
There is a lethal amount of poison in your body!
Your shadow imp disappears in a puff of smoke!
* * * LOW HITPOINT WARNING * * *
You feel sick.
* * * LOW HITPOINT WARNING * * *
You feel sick.
* * * LOW HITPOINT WARNING * * *
You feel sick.
Found 14 gold pieces.
You die...
Xom cackles wildly!

####...# ###.
#....#.#########.....
#.###..†.........# #
#.........#
..###.........###
.................#
.#######'#######.### #
.# #.# #...#.... .#
#####.##### #@....... .#
#...'.'...# #........ .#
#.###.###.# #........ .#
#.# #.# #.# #........
.###'###.###'###........
.'.............+.......$
.###'###.###'###........
.# #.# #.# #.# #...#....
.# #.###.###.#


There were no monsters in sight!

Vanquished Creatures
  The ghost of Murtagy the Shield-Bearer, an amateur GrFi (D:4)
  Crazy Yiuf (D:2)
  Terence (D:2)
  A worker ant (D:4)
  A gnoll (D:1)
  8 adders
  A shadow imp (D:3)
  An ooze (D:3)
  An adder zombie (D:3)
  5 worms
  A dart slug (D:1)
  2 giant geckos (D:1)
  6 orcs (D:3)
  3 ball pythons (D:2)
  6 bats
  5 giant cockroaches
  6 goblins
  9 hobgoblins
  10 jackals
  A quokka (D:3)
  2 giant newts
  12 kobolds
  A quokka skeleton (D:4)
  9 rats
94 creatures vanquished.

Vanquished Creatures (collateral kills)
  A ball python (D:3)
1 creature vanquished.

Grand Total: 95 creatures vanquished

Notes
Turn   | Place    | Note
--------------------------------------------------------------
     0 | D:1      | Flavorfulsole the Minotaur Chaos Knight began the quest for the Orb.
     0 | D:1      | Reached XP level 1. HP: 19/19 MP: 0/0
   175 | D:1      | Reached XP level 2. HP: 27/27 MP: 1/1
   296 | D:1      | XOM: silly message
   422 | D:1      | XOM: potion effect (berserk rage)
   440 | D:1      | XOM: divination: detect items
   524 | D:1      | Reached XP level 3. HP: 34/34 MP: 2/2
   582 | D:1      | XOM: smoke on damage
  1030 | D:2      | XOM: harmless Conj miscast
  1035 | D:2      | XOM: divination: detect items
  1079 | D:2      | XOM: mild Pois miscast
  1084 | D:2      | Reached XP level 4. HP: 33/41 MP: 3/3
  1212 | D:2      | Found a faded altar to an unknown god.
  1257 | D:2      | Reached skill level 5 in Fighting
  1333 | D:2      | Noticed Terence
  1339 | D:2      | Killed Terence
  1340 | D:2      | Reached skill level 5 in Axes
  1360 | D:2      | XOM: colour smoke trail
  1376 | D:2      | XOM: god gift: 17 sling bullets
  1473 | D:2      | Reached XP level 5. HP: 29/48 MP: 4/4
  1541 | D:2      | Noticed Crazy Yiuf
  1546 | D:2      | Killed Crazy Yiuf
  1692 | D:2      | XOM: harmless Ice miscast
  2242 | D:3      | XOM: silly message
  2497 | D:3      | Reached XP level 6. HP: 56/56 MP: 5/5
  2696 | D:4      | Noticed Murtagy's ghost (amateur GrFi)
  2697 | D:4      | XOM: potion effect (haste)
  2704 | D:4      | XOM: noise
  2711 | D:4      | XOM: summons 2 friendly demons
  2715 | D:4      | XOM: enchant monster (good)
  2732 | D:4      | HP: 4/84 [something (3)]
  2740 | D:4      | Killed Murtagy's ghost
  2740 | D:4      | Reached skill level 1 in Stealth
  2753 | D:4      | HP: 2/57 [poisoned by a worker ant]
  2758 | D:4      | HP: 1/57 [poisoned by a worker ant]
  2766 | D:4      | HP: 1/57 [poisoned by a worker ant]
  2770 | D:4      | Succumbed to a worker ant's poison

Skill      XL: |  1  2  3  4  5  6 |
---------------+-------------------+-----
Axes           | 4 5 |  5.5
Fighting       | 4 5 |  5.7
Armour         | 3 4 |  4.5
Dodging        | 2 |  2.9
Stealth        | 1 |  1.4

Action                   |  1- 3 |  4- 6 || total
-------------------------+-------+-------++-------
Melee: Hand axe          |    83 |   194 ||   277
       Headbutt          |     8 |    14 ||    22
  Use: Scroll            |     3 |     4 ||     7
       Potion            |     1 |     7 ||     8
 Stab: Confused          |     2 |       ||     2
       Paralysed         |       |    11 ||    11
  Eat: Pizza             |     1 |       ||     1
       Bread ration      |       |     1 ||     1
       Beef jerky        |       |     1 ||     1
Armor: Chain mail        |    71 |    31 ||   102
       Leather armour    |     1 |       ||     1
       Skin              |     5 |    16 ||    21
       Scale mail        |       |    64 ||    64
Dodge: Dodged            |    41 |    84 ||   125
